MINNESOTA Wild vs COLORADO Avalanche

Created - 14 avril 2024 at 19:49

Goals
1 2 3 T
MINNESOTA Wild 3 1 0 4
COLORADO Avalanche 2 0 0 2
Shots
1 2 3 T
MINNESOTA Wild 9 8 8 25
COLORADO Avalanche 5 7 16 28

1st period

1. COLORADO Avalanche , Jeff Skinner 24 (Derek Forbort 19, Jordan Eberle 32) at 6:39
2. MINNESOTA Wild , Denis Malgin 3 (Caleb Jones 15, Anton Lundell 4) at 12:34
3. COLORADO Avalanche , Patrik Nemeth 5 (Derek Forbort 20, Tyler Johnson 4) at 16:06
4. MINNESOTA Wild , Alex Pietrangelo 17 (Mattias Ekholm 42, Nikita Kucherov 44) at 17:24 (PP)
5. MINNESOTA Wild , Nikita Kucherov 26 (J.T. Miller 59) at 19:44

Penalties :
Alexandre Carrier (MIN) for Roughing (Minor) at 13:41, Tyson Barrie (COL) for Hooking (Minor) at 17:16

2nd period

6. MINNESOTA Wild , Morgan Rielly 17 (Nikita Kucherov 45, J.T. Miller 60) at 12:41

Penalties :
Patrik Nemeth (COL) for High sticking (Minor) at 0:14

3rd period

No Goal

Penalties :
David Pastrnak (COL) for Hooking (Minor) at 3:32, Alex Pietrangelo (MIN) for Slashing (Minor) at 3:32, Morgan Rielly (MIN) for High sticking (Minor) at 5:39, Mattias Ekholm (MIN) for Tripping (Minor) at 14:45

Goalie Stats

Ilya Samsonov (MIN), 26 saves from 28 shots - (0,929), W, 50-22-5, 60:00 minutes
Jonathan Quick (COL), 21 saves from 25 shots - (0,840), L, 37-33-6, 60:00 minutes

Players Stats for MINNESOTA Wild

Player Name              G  A  P  +/- PIM S  H  SB GA TA FO     MP     PP MP  PK MP  
------------------------------------------------------------------------------------
Alex Pietrangelo         1  0  1   1  2   2  5  1  0  0  0/0    23:17   0:57   3:04 
Alexandre Carrier        0  0  0   1  2   0  4  0  0  0  0/0    20:42   1:10   2:28 
Anton Lundell            0  1  1   0  0   2  1  0  0  0  3/7     6:50   0:00   1:39 
Caleb Jones              0  1  1  -1  0   0  0  0  0  0  0/0    16:19   0:00   2:44 
Denis Malgin             1  0  1   0  0   1  0  0  0  0  0/0     5:11   0:00   0:00 
J.T. Miller              0  2  2   2  0   5  3  2  0  0  23/43  23:57   0:57   3:38 
Kevin Fiala              0  0  0   0  0   1  0  0  0  0  1/2    17:53   1:10   0:00 
Martin Necas             0  0  0   0  0   3  0  0  0  0  0/0    17:53   1:10   0:00 
Mathieu Joseph           0  0  0   0  0   0  1  0  0  0  0/0     5:11   0:00   0:00 
Mattias Ekholm           0  1  1   1  2   0  3  1  0  0  0/0    24:21   0:57   2:09 
Morgan Rielly            1  0  1   1  2   1  1  2  0  0  0/0    19:43   1:10   1:29 
Nikita Kucherov          1  2  3   2  0   1  0  0  0  0  0/0    20:19   0:57   0:00 
Robert Thomas            0  0  0   0  0   2  0  0  0  0  7/16   19:32   1:10   1:39 
Taylor Hall              0  0  0  -1  0   1  2  0  0  0  0/0    10:40   0:00   0:00 
Trevor Moore             0  0  0  -1  0   0  1  1  0  0  0/5    12:02   0:00   1:22 
Tyler Toffoli            0  0  0   2  0   3  0  0  0  0  0/0    18:30   0:57   0:10 
Yanni Gourde             0  0  0  -1  0   1  2  0  0  0  3/9    14:06   0:00   3:26 
Zach Werenski            0  0  0  -1  0   2  1  0  0  0  0/0    15:34   0:00   0:00 

Players Stats for COLORADO Avalanche

Player Name              G  A  P  +/- PIM S  H  SB GA TA FO     MP     PP MP  PK MP  
------------------------------------------------------------------------------------
Alex Iafallo             0  0  0  -1  0   1  0  0  0  0  0/0    12:14   0:00   1:32 
Craig Smith              0  0  0  -1  0   2  1  0  0  0  0/0    10:42   0:00   0:00 
David Pastrnak           0  0  0  -2  2   3  1  0  0  0  0/1    21:10   3:06   0:00 
Derek Forbort            0  2  2  -1  0   2  1  2  0  0  0/0    26:05   0:00   1:14 
Jake DeBrusk             0  0  0  -2  0   2  1  0  0  0  0/0    22:22   3:06   0:00 
Jason Zucker             0  0  0   1  0   2  2  0  0  0  1/1    19:09   2:51   0:00 
Jeff Skinner             1  0  1   1  0   5  0  0  0  0  15/22  19:44   2:51   0:35 
Jordan Eberle            0  1  1   1  0   2  0  1  0  0  0/0    18:21   2:51   0:00 
Mark Pysyk               0  0  0   0  0   0  1  0  0  0  0/0    10:05   3:31   1:22 
Morgan Geekie            0  0  0  -1  0   0  1  0  0  0  7/13   10:42   0:00   0:00 
Nick Foligno             0  0  0   1  0   0  0  0  0  0  0/0     6:29   0:00   0:49 
Nick Schmaltz            0  0  0  -2  0   2  2  0  0  0  16/31  22:22   3:06   0:00 
Oliver Ekman-Larsson     0  0  0   0  0   2  3  0  0  0  0/0    25:38   2:26   0:00 
Patrik Nemeth            1  0  1  -1  2   1  4  1  0  0  0/0    24:50   0:00   0:00 
Tomas Nosek              0  0  0   1  0   0  1  0  0  0  1/2     6:58   0:00   1:18 
Tyler Johnson            0  1  1   1  0   1  0  0  0  0  5/12    5:40   0:00   0:00 
Tyson Barrie             0  0  0   0  2   3  2  1  0  0  0/0    25:31   2:26   0:45 
Zach Bogosian            0  0  0   0  0   0  0  0  0  0  0/0     7:49   3:31   0:53 

3 Stars

1 - Nikita Kucherov (MIN)
2 - J.T. Miller (MIN)
3 - Alex Pietrangelo (MIN)

Power Play

MINNESOTA Wild - 1 on 2 Attempt(s) - 50,00%
COLORADO Avalanche - 0 on 3 Attempt(s) - 0,00%

Penalty Kill

MINNESOTA Wild - 3 on 3 Attempt(s) - 100,00% - Score 0 goal in Penalty Kill
COLORADO Avalanche - 1 on 2 Attempt(s) - 50,00% - Score 0 goal in Penalty Kill

Team Stat

MINNESOTA Wild - Hits : 24 - Faceoff Wins : 37 - Blocked Shots : 7 - Penalty Minutes : 8
COLORADO Avalanche - Hits : 20 - Faceoff Wins : 45 - Blocked Shots : 5 - Penalty Minutes : 6

Official

Referees : Elizabeth Mantha and Wes McCauley
Linesman : Ryan Gibbons and Jackie Spresser

Game Notes

No Game Note

Finance

Level 1 -- Attendance: 5210 (86,83%) -- Ticket Income $521,000
Level 2 -- Attendance: 4141 (82,82%) -- Ticket Income $248,460
Level 3 -- Attendance: 1956 (97,80%) -- Ticket Income $68,460
Level 4 -- Attendance: 2878 (71,95%) -- Ticket Income $71,950
Luxury Box -- Attendance: 850 (85,00%) -- Ticket Income $170,000
Game was played at the Pepsi Center.
Total Attendance: 15035 (83,53%)
Total Ticket Income: $1,079,870
Other Income: $269,968
Total Income: $1,349,838

MINNESOTA Wild

5 vs 5 Forward 
   Center                   Left Wing                Right Wing               Time % Phy DF OF 
 1 J.T. Miller              Tyler Toffoli            Nikita Kucherov          40     1   2  2  
 2 Robert Thomas            Kevin Fiala              Martin Necas             32     1   2  2  
 3 Yanni Gourde             Taylor Hall              Trevor Moore             20     1   2  2  
 4 Anton Lundell            Mathieu Joseph           Denis Malgin             8      1   3  1  

5 vs 5 Defense 
   Defense                  Defense                                           Time % Phy DF OF 
 1 Alex Pietrangelo         Mattias Ekholm                                    40     1   2  2  
 2 Morgan Rielly            Alexandre Carrier                                 32     1   3  1  
 3 Zach Werenski            Caleb Jones                                       20     1   3  1  
 4 Alex Pietrangelo         Mattias Ekholm                                    8      1   2  2  

PowerPlay Forward 
   Center                   Left Wing                Right Wing               Time % Phy DF OF 
 1 J.T. Miller              Tyler Toffoli            Nikita Kucherov          60     1   1  3  
 2 Robert Thomas            Kevin Fiala              Martin Necas             40     1   1  3  

PowerPlay Defense
   Defense                  Defense                                           Time % Phy DF OF 
 1 Alex Pietrangelo         Mattias Ekholm                                    60     1   2  2  
 2 Morgan Rielly            Alexandre Carrier                                 40     1   2  2  

Penalty Kill 4 Players Forward 
   Center                   Wing                     Time % Phy DF OF 
 1 J.T. Miller              Yanni Gourde             60     1   3  1  
 2 Anton Lundell            Robert Thomas            40     1   3  1  

Penalty Kill 4 Players Defense
   Defense                  Defense                  Time % Phy DF OF 
 1 Alex Pietrangelo         Mattias Ekholm           60     1   3  1  
 2 Morgan Rielly            Alexandre Carrier        40     1   3  1  

Penalty Kill - 3 Players Forward 
   Forward                                           Time % Phy DF OF 
 1 J.T. Miller                                       60     1   3  1  
 2 Yanni Gourde                                      40     1   3  1  

Penalty Kill - 3 Players Defense
   Defense                  Defense                  Time % Phy DF OF 
 1 Alex Pietrangelo         Mattias Ekholm           60     1   3  1  
 2 Morgan Rielly            Alexandre Carrier        40     1   3  1  

4 vs 4 Forward 
   Center                   Wing                     Time % Phy DF OF 
 1 J.T. Miller              Nikita Kucherov          60     1   2  2  
 2 Robert Thomas            Kevin Fiala              40     1   2  2  

4 vs 4 Defense
   Defense                  Defense                  Time % Phy DF OF 
 1 Alex Pietrangelo         Mattias Ekholm           60     1   2  2  
 2 Morgan Rielly            Alexandre Carrier        40     1   2  2  

Last Minutes Offensive
   Center                   Left Wing                Right Wing               Defense                  Defense                  
   J.T. Miller              Tyler Toffoli            Nikita Kucherov          Alex Pietrangelo         Mattias Ekholm           

Last Minutes Defensive
   Center                   Left Wing                Right Wing               Defense                  Defense                  
   J.T. Miller              Yanni Gourde             Robert Thomas            Alex Pietrangelo         Mattias Ekholm           

Goaltenders
Starting : Ilya Samsonov            
Backup : Jack Campbell            

Extra Forwards
Normal : Trevor Moore, Anton Lundell, Mathieu Joseph - PP : Taylor Hall, Yanni Gourde - PK : Trevor Moore
Extra Defensemen
Normal : Zach Werenski, Caleb Jones, Alexandre Carrier - PP : Zach Werenski - PK : Caleb Jones, Zach Werenski
Penalty Shots
Nikita Kucherov, Tyler Toffoli, J.T. Miller, Kevin Fiala, Martin Necas

Scratches
None

COLORADO Avalanche

5 vs 5 Forward 
   Center                   Left Wing                Right Wing               Time % Phy DF OF 
 1 Nick Schmaltz            Jake DeBrusk             David Pastrnak           40     1   1  3  
 2 Jeff Skinner             Jason Zucker             Jordan Eberle            30     1   1  3  
 3 Morgan Geekie            Alex Iafallo             Craig Smith              20     1   1  3  
 4 Tyler Johnson            Tomas Nosek              Nick Foligno             10     3   1  1  

5 vs 5 Defense 
   Defense                  Defense                                           Time % Phy DF OF 
 1 Derek Forbort            Patrik Nemeth                                     40     2   2  1  
 2 Tyson Barrie             Oliver Ekman-Larsson                              30     2   2  1  
 3 Derek Forbort            Patrik Nemeth                                     20     1   2  2  
 4 Tyson Barrie             Oliver Ekman-Larsson                              10     1   2  2  

PowerPlay Forward 
   Center                   Left Wing                Right Wing               Time % Phy DF OF 
 1 Nick Schmaltz            Jake DeBrusk             David Pastrnak           60     0   1  4  
 2 Jeff Skinner             Jason Zucker             Jordan Eberle            40     0   2  3  

PowerPlay Defense
   Defense                  Defense                                           Time % Phy DF OF 
 1 Tyson Barrie             Oliver Ekman-Larsson                              60     1   2  2  
 2 Zach Bogosian            Mark Pysyk                                        40     1   2  2  

Penalty Kill 4 Players Forward 
   Center                   Wing                     Time % Phy DF OF 
 1 Tomas Nosek              Alex Iafallo             60     1   2  2  
 2 Jeff Skinner             Nick Foligno             40     1   2  2  

Penalty Kill 4 Players Defense
   Defense                  Defense                  Time % Phy DF OF 
 1 Derek Forbort            Patrik Nemeth            60     1   2  2  
 2 Tyson Barrie             Zach Bogosian            40     1   2  2  

Penalty Kill - 3 Players Forward 
   Forward                                           Time % Phy DF OF 
 1 Nick Schmaltz                                     60     1   2  2  
 2 Jeff Skinner                                      40     1   2  2  

Penalty Kill - 3 Players Defense
   Defense                  Defense                  Time % Phy DF OF 
 1 Derek Forbort            Patrik Nemeth            60     1   2  2  
 2 Tyson Barrie             Zach Bogosian            40     1   2  2  

4 vs 4 Forward 
   Center                   Wing                     Time % Phy DF OF 
 1 Nick Schmaltz            Jake DeBrusk             60     1   2  2  
 2 Jeff Skinner             Jason Zucker             40     1   2  2  

4 vs 4 Defense
   Defense                  Defense                  Time % Phy DF OF 
 1 Derek Forbort            Patrik Nemeth            60     1   2  2  
 2 Zach Bogosian            Mark Pysyk               40     1   2  2  

Last Minutes Offensive
   Center                   Left Wing                Right Wing               Defense                  Defense                  
   Jeff Skinner             Jake DeBrusk             David Pastrnak           Tyson Barrie             Oliver Ekman-Larsson     

Last Minutes Defensive
   Center                   Left Wing                Right Wing               Defense                  Defense                  
   Jeff Skinner             Jake DeBrusk             David Pastrnak           Tyson Barrie             Oliver Ekman-Larsson     

Goaltenders
Starting : Jonathan Quick           
Backup : Magnus Hellberg          

Extra Forwards
Normal : David Pastrnak, Jake DeBrusk, Jordan Eberle - PP : Jordan Eberle, Alex Iafallo - PK : Nick Foligno
Extra Defensemen
Normal : Tyson Barrie, Derek Forbort, Patrik Nemeth - PP : Derek Forbort - PK : Derek Forbort, Patrik Nemeth
Penalty Shots
David Pastrnak, Jeff Skinner, Jake DeBrusk, Jordan Eberle, Jason Zucker

Scratches
Kris Russell (Healthy), Jordie Benn (Healthy), Zach Aston-Reese (Healthy)

% Time on Ice - MINNESOTA Wild

Lines # - Real PCT - Wanted PCT - Time Play
Normal Forward
1 - 35% - 40% - 17:23
2 - 33% - 32% - 16:43
3 - 21% - 20% - 10:40
4 - 10% - 8% - 5:11
Normal Defense
1 - 37% - 40% - 18:29
2 - 34% - 32% - 17:05
3 - 27% - 20% - 13:35
4 - 2% - 8% - 0:48
PP Forward
1 - 45% - 60% - 0:57
2 - 55% - 40% - 1:10
PP Defense
1 - 45% - 60% - 0:57
2 - 55% - 40% - 1:10
PK Forward
1 - 72% - 60% - 4:18
2 - 28% - 40% - 1:39
PK Defense
1 - 52% - 60% - 3:04
2 - 48% - 40% - 2:53
PK3 Forward
1 - 0% - 60%
2 - 0% - 40%
PK3 Defense
1 - 0% - 60%
2 - 0% - 40%
44 Forward
1 - 100% - 60% - 1:59
2 - 0% - 40% - 0:00
44 Defense
1 - 100% - 60% - 1:59
2 - 0% - 40% - 0:00
Last Minute Offensive  - 0:00
Last Minute Defensive  - 0:00
Total
Forward - 60:00
Defense - 60:00

% Time on Ice - COLORADO Avalanche

Lines # - Real PCT - Wanted PCT - Time Play
Normal Forward
1 - 36% - 40% - 18:05
2 - 31% - 30% - 15:30
3 - 21% - 20% - 10:42
4 - 11% - 10% - 5:40
Normal Defense
1 - 38% - 40% - 18:47
2 - 36% - 30% - 17:59
3 - 13% - 20% - 6:25
4 - 14% - 10% - 6:46
PP Forward
1 - 52% - 60% - 3:06
2 - 48% - 40% - 2:51
PP Defense
1 - 41% - 60% - 2:26
2 - 59% - 40% - 3:31
PK Forward
1 - 87% - 60% - 1:50
2 - 13% - 40% - 0:17
PK Defense
1 - 58% - 60% - 1:14
2 - 42% - 40% - 0:53
PK3 Forward
1 - 0% - 60%
2 - 0% - 40%
PK3 Defense
1 - 0% - 60%
2 - 0% - 40%
44 Forward
1 - 60% - 60% - 1:11
2 - 40% - 40% - 0:48
44 Defense
1 - 49% - 60% - 0:58
2 - 51% - 40% - 1:01
Last Minute Offensive  - 0:00
Last Minute Defensive  - 0:00
Total
Forward - 60:00
Defense - 60:00

Play-by-Play

1st period


0:01 of 1st period - J.T. Miller wins face-off versus Nick Schmaltz in neutral zone.
0:26 of 1st period - Shot by Tyler Toffoli.
0:26 of 1st period - Shot Misses the Net.
0:51 of 1st period - Icing by Patrik Nemeth.
0:52 of 1st period - Nick Schmaltz wins face-off versus Robert Thomas in COLORADO Avalanche zone.
1:06 of 1st period - Martin Necas is hit by Oliver Ekman-Larsson and loses puck.
1:52 of 1st period - Taylor Hall is hit by Tyson Barrie and loses puck.
2:05 of 1st period - Shot by Yanni Gourde.
2:05 of 1st period - Shot Blocked by Jordan Eberle.
2:07 of 1st period - Shot by Yanni Gourde.
2:07 of 1st period - Shot Misses the Net.
2:17 of 1st period - Shot by Zach Werenski.
2:17 of 1st period - Stopped by Jonathan Quick without a rebound.
2:18 of 1st period - Anton Lundell wins face-off versus Morgan Geekie in COLORADO Avalanche zone.
2:43 of 1st period - Shot by Mathieu Joseph.
2:43 of 1st period - Shot Misses the Net.
3:08 of 1st period - Icing by Patrik Nemeth.
3:09 of 1st period - Morgan Geekie wins face-off versus J.T. Miller in COLORADO Avalanche zone.
3:36 of 1st period - Shot by Morgan Rielly.
3:36 of 1st period - Shot Misses the Net.
4:34 of 1st period - Off-side.
4:35 of 1st period - Robert Thomas wins face-off versus Tyler Johnson in neutral zone.
4:45 of 1st period - Icing by Tyler Johnson.
4:46 of 1st period - Yanni Gourde wins face-off versus Tyler Johnson in COLORADO Avalanche zone.
4:52 of 1st period - Icing by Mark Pysyk.
4:53 of 1st period - Robert Thomas wins face-off versus Tyler Johnson in COLORADO Avalanche zone.
4:53 of 1st period - Robert Thomas is hit by Oliver Ekman-Larsson.
5:12 of 1st period - Nick Foligno is hit by Mattias Ekholm and loses puck.
5:16 of 1st period - Tyler Johnson is hit by Mattias Ekholm and loses puck.
5:34 of 1st period - Robert Thomas is hit by Oliver Ekman-Larsson and loses puck.
5:38 of 1st period - Icing by Mark Pysyk.
5:39 of 1st period - Tyler Johnson wins face-off versus Yanni Gourde in COLORADO Avalanche zone.
6:22 of 1st period - Icing by Caleb Jones.
6:23 of 1st period - Yanni Gourde wins face-off versus Jeff Skinner in MINNESOTA Wild zone.
6:23 of 1st period - Yanni Gourde is hit by Jason Zucker.
6:39 of 1st period - Shot by Jeff Skinner.
6:39 of 1st period - Goal by Jeff Skinner - MINNESOTA Wild : 0 - COLORADO Avalanche : 1.
6:40 of 1st period - J.T. Miller wins face-off versus David Pastrnak in neutral zone.
8:30 of 1st period - Patrik Nemeth is hit by Trevor Moore and loses puck.
9:01 of 1st period - Shot by Taylor Hall.
9:01 of 1st period - Shot Misses the Net.
9:09 of 1st period - Shot by Jake DeBrusk.
9:09 of 1st period - Stopped by Ilya Samsonov without a rebound.
9:10 of 1st period - Tyler Johnson wins face-off versus J.T. Miller in MINNESOTA Wild zone.
9:50 of 1st period - Alex Pietrangelo is hit by Jason Zucker and loses puck.
10:38 of 1st period - Shot by Martin Necas.
10:38 of 1st period - Stopped by Jonathan Quick with a rebound.
10:44 of 1st period - Shot by Robert Thomas.
10:44 of 1st period - Stopped by Jonathan Quick with a rebound.
11:07 of 1st period - Icing by Morgan Rielly.
11:08 of 1st period - Morgan Geekie wins face-off versus Robert Thomas in MINNESOTA Wild zone.
11:08 of 1st period - Craig Smith is hit by Alexandre Carrier and loses puck.
11:15 of 1st period - Shot by Alex Iafallo.
11:15 of 1st period - Stopped by Ilya Samsonov without a rebound.
11:16 of 1st period - J.T. Miller wins face-off versus Jeff Skinner in MINNESOTA Wild zone.
12:28 of 1st period - Shot by Denis Malgin.
12:28 of 1st period - Shot Blocked by Derek Forbort.
12:34 of 1st period - Shot by Denis Malgin.
12:34 of 1st period - Goal by Denis Malgin - MINNESOTA Wild : 1 - COLORADO Avalanche : 1.
12:35 of 1st period - Morgan Geekie wins face-off versus Yanni Gourde in neutral zone.
13:14 of 1st period - Icing by Trevor Moore.
13:15 of 1st period - Yanni Gourde wins face-off versus Nick Schmaltz in MINNESOTA Wild zone.
13:38 of 1st period - Shot by David Pastrnak.
13:38 of 1st period - Shot Misses the Net.
13:41 of 1st period - Minor Penalty to Alexandre Carrier for Roughing.
13:42 of 1st period - Jeff Skinner wins face-off versus J.T. Miller in MINNESOTA Wild zone.
14:24 of 1st period - Jeff Skinner is hit by Alex Pietrangelo and loses puck.
14:53 of 1st period - Shot by Nick Schmaltz.
14:53 of 1st period - Deflect By Jake DeBrusk.
14:53 of 1st period - Shot Misses the Net.
14:55 of 1st period - Shot by Oliver Ekman-Larsson.
14:55 of 1st period - Shot Misses the Net.
14:57 of 1st period - Shot by Oliver Ekman-Larsson.
14:57 of 1st period - Stopped by Ilya Samsonov without a rebound.
14:58 of 1st period - Nick Schmaltz wins face-off versus J.T. Miller in MINNESOTA Wild zone.
15:09 of 1st period - Shot by Nick Schmaltz.
15:09 of 1st period - Shot Misses the Net.
15:53 of 1st period - Shot by Kevin Fiala.
15:53 of 1st period - Stopped by Jonathan Quick without a rebound.
15:54 of 1st period - Tyler Johnson wins face-off versus Anton Lundell in COLORADO Avalanche zone.
15:54 of 1st period - Tyler Johnson is hit by Mathieu Joseph.
16:06 of 1st period - Shot by Patrik Nemeth.
16:06 of 1st period - Goal by Patrik Nemeth - MINNESOTA Wild : 1 - COLORADO Avalanche : 2.
16:07 of 1st period - Robert Thomas wins face-off versus Jeff Skinner in neutral zone.
16:43 of 1st period - Shot by Robert Thomas.
16:43 of 1st period - Shot Misses the Net.
16:45 of 1st period - Shot by Martin Necas.
16:45 of 1st period - Stopped by Jonathan Quick with a rebound.
17:02 of 1st period - Anton Lundell is hit by Patrik Nemeth and loses puck.
17:15 of 1st period - Shot by Zach Werenski.
17:15 of 1st period - Stopped by Jonathan Quick without a rebound.
17:16 of 1st period - J.T. Miller wins face-off versus Nick Schmaltz in COLORADO Avalanche zone.
17:16 of 1st period - Minor Penalty to Tyson Barrie for Hooking.
17:17 of 1st period - J.T. Miller wins face-off versus Tomas Nosek in COLORADO Avalanche zone.
17:24 of 1st period - Shot by Alex Pietrangelo.
17:24 of 1st period - Goal by Alex Pietrangelo - MINNESOTA Wild : 2 - COLORADO Avalanche : 2.
17:25 of 1st period - J.T. Miller wins face-off versus Nick Schmaltz in neutral zone.
17:31 of 1st period - Icing by Tyson Barrie.
17:32 of 1st period - Nick Schmaltz wins face-off versus J.T. Miller in COLORADO Avalanche zone.
18:06 of 1st period - Mattias Ekholm is hit by Jake DeBrusk and loses puck.
18:17 of 1st period - David Pastrnak is hit by J.T. Miller and loses puck.
18:25 of 1st period - Icing by Oliver Ekman-Larsson.
18:26 of 1st period - Robert Thomas wins face-off versus Nick Schmaltz in COLORADO Avalanche zone.
19:02 of 1st period - Shot by Alex Iafallo.
19:02 of 1st period - Shot Misses the Net.
19:42 of 1st period - Icing by Derek Forbort.
19:43 of 1st period - J.T. Miller wins face-off versus Morgan Geekie in COLORADO Avalanche zone.
19:44 of 1st period - Shot by Nikita Kucherov.
19:44 of 1st period - Goal by Nikita Kucherov - MINNESOTA Wild : 3 - COLORADO Avalanche : 2.
19:45 of 1st period - J.T. Miller wins face-off versus Jeff Skinner in neutral zone.
19:53 of 1st period - Jeff Skinner is hit by J.T. Miller and loses puck.
Goals for this period are 3 for MINNESOTA Wild vs 2 for COLORADO Avalanche.
Shots for this period are 9 for MINNESOTA Wild vs 5 for COLORADO Avalanche.

2nd period


0:01 of 2nd period - J.T. Miller wins face-off versus Nick Schmaltz in neutral zone.
0:13 of 2nd period - J.T. Miller is hit by Patrik Nemeth and loses puck.
0:14 of 2nd period - Minor Penalty to Patrik Nemeth for High sticking.
0:15 of 2nd period - Tomas Nosek wins face-off versus Robert Thomas in COLORADO Avalanche zone.
0:31 of 2nd period - Alexandre Carrier is hit by Tomas Nosek and loses puck.
1:37 of 2nd period - Shot by Nikita Kucherov.
1:37 of 2nd period - Shot Misses the Net.
1:39 of 2nd period - Shot by J.T. Miller.
1:39 of 2nd period - Deflect By Nikita Kucherov.
1:39 of 2nd period - Shot Misses the Net.
1:41 of 2nd period - Shot by Mattias Ekholm.
1:41 of 2nd period - Shot Misses the Net.
1:43 of 2nd period - Shot by J.T. Miller.
1:43 of 2nd period - Stopped by Jonathan Quick with a rebound.
2:28 of 2nd period - Shot by Taylor Hall.
2:28 of 2nd period - Stopped by Jonathan Quick without a rebound.
2:29 of 2nd period - Anton Lundell wins face-off versus Jeff Skinner in COLORADO Avalanche zone.
2:38 of 2nd period - Shot by Denis Malgin.
2:38 of 2nd period - Shot Misses the Net.
2:40 of 2nd period - Shot by Mathieu Joseph.
2:40 of 2nd period - Shot Misses the Net.
2:42 of 2nd period - Shot by Denis Malgin.
2:42 of 2nd period - Deflect By Anton Lundell.
2:42 of 2nd period - Stopped by Jonathan Quick without a rebound.
2:43 of 2nd period - Nick Schmaltz wins face-off versus Yanni Gourde in COLORADO Avalanche zone.
3:15 of 2nd period - Shot by David Pastrnak.
3:15 of 2nd period - Stopped by Ilya Samsonov without a rebound.
3:16 of 2nd period - Jeff Skinner wins face-off versus J.T. Miller in MINNESOTA Wild zone.
3:19 of 2nd period - Shot by Jason Zucker.
3:19 of 2nd period - Shot Misses the Net.
3:21 of 2nd period - Shot by Tyson Barrie.
3:21 of 2nd period - Stopped by Ilya Samsonov without a rebound.
3:22 of 2nd period - Jeff Skinner wins face-off versus J.T. Miller in MINNESOTA Wild zone.
3:36 of 2nd period - Nikita Kucherov is hit by Tyson Barrie and loses puck.
5:16 of 2nd period - Off-side.
5:17 of 2nd period - Nick Schmaltz wins face-off versus Anton Lundell in neutral zone.
5:22 of 2nd period - Patrik Nemeth is hit by Anton Lundell and loses puck.
5:51 of 2nd period - Shot by David Pastrnak.
5:51 of 2nd period - Stopped by Ilya Samsonov without a rebound.
5:52 of 2nd period - J.T. Miller wins face-off versus Morgan Geekie in MINNESOTA Wild zone.
6:11 of 2nd period - Tyler Toffoli is hit by Patrik Nemeth.
6:27 of 2nd period - Shot by Tyler Toffoli.
6:27 of 2nd period - Shot Misses the Net.
6:29 of 2nd period - Shot by J.T. Miller.
6:29 of 2nd period - Shot Blocked by Derek Forbort.
7:00 of 2nd period - Shot by Kevin Fiala.
7:00 of 2nd period - Shot Misses the Net.
8:24 of 2nd period - Icing by Oliver Ekman-Larsson.
8:25 of 2nd period - J.T. Miller wins face-off versus Nick Schmaltz in COLORADO Avalanche zone.
9:13 of 2nd period - Icing by Oliver Ekman-Larsson.
9:14 of 2nd period - Nick Schmaltz wins face-off versus Trevor Moore in COLORADO Avalanche zone.
10:42 of 2nd period - Icing by Tomas Nosek.
10:43 of 2nd period - Tyler Johnson wins face-off versus J.T. Miller in COLORADO Avalanche zone.
10:43 of 2nd period - Tyler Johnson is hit by J.T. Miller.
10:57 of 2nd period - Shot by Tyler Johnson.
10:57 of 2nd period - Deflect By Nick Foligno.
10:57 of 2nd period - Shot Blocked by Alex Pietrangelo.
11:17 of 2nd period - Shot by Craig Smith.
11:17 of 2nd period - Shot Blocked by J.T. Miller.
11:19 of 2nd period - Shot by Craig Smith.
11:19 of 2nd period - Stopped by Ilya Samsonov without a rebound.
11:20 of 2nd period - Robert Thomas wins face-off versus Morgan Geekie in MINNESOTA Wild zone.
11:39 of 2nd period - Shot by Martin Necas.
11:39 of 2nd period - Shot Misses the Net.
11:50 of 2nd period - Icing by Oliver Ekman-Larsson.
11:51 of 2nd period - Morgan Geekie wins face-off versus Anton Lundell in COLORADO Avalanche zone.
12:06 of 2nd period - Mathieu Joseph is hit by David Pastrnak and loses puck.
12:27 of 2nd period - Icing by David Pastrnak.
12:28 of 2nd period - J.T. Miller wins face-off versus Nick Schmaltz in COLORADO Avalanche zone.
12:37 of 2nd period - Shot by Nikita Kucherov.
12:37 of 2nd period - Shot Blocked by Patrik Nemeth.
12:39 of 2nd period - Shot by Morgan Rielly.
12:39 of 2nd period - Shot Misses the Net.
12:41 of 2nd period - Shot by Morgan Rielly.
12:41 of 2nd period - Goal by Morgan Rielly - MINNESOTA Wild : 4 - COLORADO Avalanche : 2.
12:42 of 2nd period - Jason Zucker wins face-off versus Robert Thomas in neutral zone.
13:42 of 2nd period - Off-side.
13:43 of 2nd period - Nick Schmaltz wins face-off versus Yanni Gourde in neutral zone.
13:53 of 2nd period - Icing by Jake DeBrusk.
13:54 of 2nd period - J.T. Miller wins face-off versus Nick Schmaltz in COLORADO Avalanche zone.
13:55 of 2nd period - Shot by Tyler Toffoli.
13:55 of 2nd period - Deflect By J.T. Miller.
13:55 of 2nd period - Stopped by Jonathan Quick with a rebound.
13:57 of 2nd period - Shot by Nikita Kucherov.
13:57 of 2nd period - Shot Misses the Net.
14:10 of 2nd period - Icing by Alex Pietrangelo.
14:11 of 2nd period - J.T. Miller wins face-off versus Tyler Johnson in MINNESOTA Wild zone.
14:23 of 2nd period - Off-side.
14:24 of 2nd period - Kevin Fiala wins face-off versus Nick Schmaltz in neutral zone.
14:33 of 2nd period - Morgan Rielly is hit by Nick Schmaltz and loses puck.
14:49 of 2nd period - Jake DeBrusk is hit by Morgan Rielly.
15:33 of 2nd period - Shot by J.T. Miller.
15:33 of 2nd period - Shot Misses the Net.
15:35 of 2nd period - Shot by Alex Pietrangelo.
15:35 of 2nd period - Stopped by Jonathan Quick with a rebound.
15:39 of 2nd period - Shot by J.T. Miller.
15:39 of 2nd period - Stopped by Jonathan Quick without a rebound.
15:40 of 2nd period - Jeff Skinner wins face-off versus Yanni Gourde in COLORADO Avalanche zone.
15:40 of 2nd period - Jeff Skinner is hit by Taylor Hall.
15:55 of 2nd period - Zach Werenski is hit by Patrik Nemeth and loses puck.
16:02 of 2nd period - Shot by Taylor Hall.
16:02 of 2nd period - Shot Misses the Net.
16:04 of 2nd period - Shot by Yanni Gourde.
16:04 of 2nd period - Stopped by Jonathan Quick without a rebound.
16:05 of 2nd period - J.T. Miller wins face-off versus Tyler Johnson in COLORADO Avalanche zone.
16:22 of 2nd period - Shot by Tomas Nosek.
16:22 of 2nd period - Shot Misses the Net.
16:39 of 2nd period - Icing by J.T. Miller.
16:40 of 2nd period - Jeff Skinner wins face-off versus J.T. Miller in MINNESOTA Wild zone.
16:41 of 2nd period - Shot by Jordan Eberle.
16:41 of 2nd period - Stopped by Ilya Samsonov without a rebound.
16:42 of 2nd period - Jeff Skinner wins face-off versus Kevin Fiala in MINNESOTA Wild zone.
16:46 of 2nd period - Jeff Skinner is hit by Alexandre Carrier and loses puck.
16:51 of 2nd period - Shot by Jeff Skinner.
16:51 of 2nd period - Shot Misses the Net.
16:53 of 2nd period - Shot by Derek Forbort.
16:53 of 2nd period - Shot Blocked by Morgan Rielly.
16:57 of 2nd period - Shot by Jason Zucker.
16:57 of 2nd period - Stopped by Ilya Samsonov with a rebound.
16:59 of 2nd period - Shot by Jeff Skinner.
16:59 of 2nd period - Shot Misses the Net.
17:09 of 2nd period - Shot by Jordan Eberle.
17:09 of 2nd period - Stopped by Ilya Samsonov without a rebound.
17:10 of 2nd period - J.T. Miller wins face-off versus Nick Schmaltz in MINNESOTA Wild zone.
17:23 of 2nd period - Shot by Nick Schmaltz.
17:23 of 2nd period - Shot Misses the Net.
17:36 of 2nd period - Icing by Oliver Ekman-Larsson.
17:37 of 2nd period - Nick Schmaltz wins face-off versus Robert Thomas in COLORADO Avalanche zone.
17:45 of 2nd period - Off-side.
17:46 of 2nd period - Jeff Skinner wins face-off versus Robert Thomas in neutral zone.
19:55 of 2nd period - Icing by Trevor Moore.
19:56 of 2nd period - Jeff Skinner wins face-off versus Trevor Moore in MINNESOTA Wild zone.
Goals for this period are 1 for MINNESOTA Wild vs 0 for COLORADO Avalanche.
Shots for this period are 8 for MINNESOTA Wild vs 7 for COLORADO Avalanche.

3rd period


0:01 of 3rd period - Nick Schmaltz wins face-off versus J.T. Miller in neutral zone.
0:10 of 3rd period - Shot by Nick Schmaltz.
0:10 of 3rd period - Stopped by Ilya Samsonov with a rebound.
0:12 of 3rd period - Shot by David Pastrnak.
0:12 of 3rd period - Stopped by Ilya Samsonov with a rebound.
0:14 of 3rd period - Shot by Derek Forbort.
0:14 of 3rd period - Stopped by Ilya Samsonov without a rebound.
0:15 of 3rd period - Jeff Skinner wins face-off versus Robert Thomas in MINNESOTA Wild zone.
0:20 of 3rd period - Shot by Jordan Eberle.
0:20 of 3rd period - Shot Misses the Net.
1:24 of 3rd period - Shot by J.T. Miller.
1:24 of 3rd period - Shot Misses the Net.
2:20 of 3rd period - Yanni Gourde is hit by Nick Schmaltz and loses puck.
2:26 of 3rd period - Off-side.
2:27 of 3rd period - Robert Thomas wins face-off versus Morgan Geekie in neutral zone.
3:18 of 3rd period - Morgan Rielly is hit by Mark Pysyk and loses puck.
3:30 of 3rd period - David Pastrnak is hit by Alex Pietrangelo and loses puck.
3:32 of 3rd period - Minor Penalty to David Pastrnak for Hooking.
3:32 of 3rd period - Minor Penalty to Alex Pietrangelo for Slashing.
3:33 of 3rd period - Nick Schmaltz wins face-off versus J.T. Miller in MINNESOTA Wild zone.
3:41 of 3rd period - Jake DeBrusk is hit by Mattias Ekholm and loses puck.
3:48 of 3rd period - Shot by Nick Schmaltz.
3:48 of 3rd period - Stopped by Ilya Samsonov without a rebound.
3:49 of 3rd period - Nick Schmaltz wins face-off versus J.T. Miller in MINNESOTA Wild zone.
3:56 of 3rd period - Shot by Jake DeBrusk.
3:56 of 3rd period - Shot Misses the Net.
3:58 of 3rd period - Shot by Derek Forbort.
3:58 of 3rd period - Stopped by Ilya Samsonov without a rebound.
3:59 of 3rd period - Nick Schmaltz wins face-off versus J.T. Miller in MINNESOTA Wild zone.
4:35 of 3rd period - Icing by Zach Werenski.
4:36 of 3rd period - J.T. Miller wins face-off versus Jeff Skinner in MINNESOTA Wild zone.
5:09 of 3rd period - Shot by Jeff Skinner.
5:09 of 3rd period - Stopped by Ilya Samsonov with a rebound.
5:11 of 3rd period - Shot by Jeff Skinner.
5:11 of 3rd period - Shot Misses the Net.
5:13 of 3rd period - Shot by Jason Zucker.
5:13 of 3rd period - Shot Blocked by J.T. Miller.
5:15 of 3rd period - Shot by Jason Zucker.
5:15 of 3rd period - Shot Blocked by Mattias Ekholm.
5:39 of 3rd period - Shot by Craig Smith.
5:39 of 3rd period - Stopped by Ilya Samsonov without a rebound.
5:39 of 3rd period - Minor Penalty to Morgan Rielly for High sticking.
5:40 of 3rd period - Nick Schmaltz wins face-off versus Trevor Moore in MINNESOTA Wild zone.
6:02 of 3rd period - Nick Schmaltz is hit by Alexandre Carrier and loses puck.
6:05 of 3rd period - Shot by David Pastrnak.
6:05 of 3rd period - Shot Blocked by Trevor Moore.
6:07 of 3rd period - Shot by Oliver Ekman-Larsson.
6:07 of 3rd period - Stopped by Ilya Samsonov without a rebound.
6:08 of 3rd period - Jeff Skinner wins face-off versus Trevor Moore in MINNESOTA Wild zone.
6:19 of 3rd period - Shot by Jeff Skinner.
6:19 of 3rd period - Stopped by Ilya Samsonov without a rebound.
6:20 of 3rd period - Jeff Skinner wins face-off versus J.T. Miller in MINNESOTA Wild zone.
6:41 of 3rd period - Shot by Tyson Barrie.
6:41 of 3rd period - Shot Misses the Net.
6:43 of 3rd period - Shot by Jeff Skinner.
6:43 of 3rd period - Stopped by Ilya Samsonov without a rebound.
6:44 of 3rd period - J.T. Miller wins face-off versus Nick Schmaltz in MINNESOTA Wild zone.
7:46 of 3rd period - Alexandre Carrier is hit by Morgan Geekie and loses puck.
8:02 of 3rd period - Shot by Martin Necas.
8:02 of 3rd period - Stopped by Jonathan Quick without a rebound.
8:03 of 3rd period - Anton Lundell wins face-off versus Jeff Skinner in COLORADO Avalanche zone.
8:09 of 3rd period - Jordan Eberle is hit by Alex Pietrangelo and loses puck.
8:26 of 3rd period - Shot by Mattias Ekholm.
8:26 of 3rd period - Deflect By Anton Lundell.
8:26 of 3rd period - Stopped by Jonathan Quick without a rebound.
8:27 of 3rd period - Morgan Geekie wins face-off versus Trevor Moore in COLORADO Avalanche zone.
9:06 of 3rd period - Icing by Patrik Nemeth.
9:07 of 3rd period - Morgan Geekie wins face-off versus J.T. Miller in COLORADO Avalanche zone.
9:16 of 3rd period - Alex Pietrangelo is hit by Craig Smith and loses puck.
9:47 of 3rd period - Shot by Nikita Kucherov.
9:47 of 3rd period - Shot Misses the Net.
9:49 of 3rd period - Shot by Alex Pietrangelo.
9:49 of 3rd period - Shot Blocked by Tyson Barrie.
10:27 of 3rd period - Shot by Robert Thomas.
10:27 of 3rd period - Stopped by Jonathan Quick without a rebound.
10:28 of 3rd period - Jeff Skinner wins face-off versus Yanni Gourde in COLORADO Avalanche zone.
10:28 of 3rd period - Jeff Skinner is hit by Taylor Hall.
11:06 of 3rd period - Shot by Derek Forbort.
11:06 of 3rd period - Shot Misses the Net.
11:16 of 3rd period - Derek Forbort is hit by Yanni Gourde and loses puck.
11:24 of 3rd period - Patrik Nemeth is hit by Yanni Gourde and loses puck.
11:28 of 3rd period - Patrik Nemeth is hit by Zach Werenski and loses puck.
12:02 of 3rd period - Shot by Nick Foligno.
12:02 of 3rd period - Shot Misses the Net.
12:04 of 3rd period - Shot by Tyson Barrie.
12:04 of 3rd period - Stopped by Ilya Samsonov without a rebound.
12:05 of 3rd period - J.T. Miller wins face-off versus Nick Schmaltz in MINNESOTA Wild zone.
12:16 of 3rd period - Shot by Tyler Toffoli.
12:16 of 3rd period - Stopped by Jonathan Quick without a rebound.
12:17 of 3rd period - Morgan Geekie wins face-off versus Robert Thomas in COLORADO Avalanche zone.
12:19 of 3rd period - Icing by Patrik Nemeth.
12:20 of 3rd period - J.T. Miller wins face-off versus Morgan Geekie in COLORADO Avalanche zone.
12:36 of 3rd period - Alex Iafallo is hit by Alex Pietrangelo and loses puck.
12:46 of 3rd period - Icing by Mattias Ekholm.
12:47 of 3rd period - J.T. Miller wins face-off versus Nick Schmaltz in MINNESOTA Wild zone.
13:48 of 3rd period - Shot by Jeff Skinner.
13:48 of 3rd period - Stopped by Ilya Samsonov without a rebound.
13:49 of 3rd period - Tyler Johnson wins face-off versus Anton Lundell in MINNESOTA Wild zone.
14:11 of 3rd period - Anton Lundell is hit by Derek Forbort and loses puck.
14:15 of 3rd period - Icing by Derek Forbort.
14:16 of 3rd period - Robert Thomas wins face-off versus Tyler Johnson in COLORADO Avalanche zone.
14:22 of 3rd period - Icing by Derek Forbort.
14:23 of 3rd period - J.T. Miller wins face-off versus Tyler Johnson in COLORADO Avalanche zone.
14:24 of 3rd period - Shot by Tyler Toffoli.
14:24 of 3rd period - Stopped by Jonathan Quick without a rebound.
14:25 of 3rd period - J.T. Miller wins face-off versus Nick Schmaltz in COLORADO Avalanche zone.
14:45 of 3rd period - Minor Penalty to Mattias Ekholm for Tripping.
14:46 of 3rd period - Jeff Skinner wins face-off versus J.T. Miller in MINNESOTA Wild zone.
15:23 of 3rd period - Shot by Jason Zucker.
15:23 of 3rd period - Stopped by Ilya Samsonov without a rebound.
15:24 of 3rd period - Nick Schmaltz wins face-off versus J.T. Miller in MINNESOTA Wild zone.
17:05 of 3rd period - Derek Forbort is hit by Alex Pietrangelo.
17:55 of 3rd period - Shot by Tyler Johnson.
17:55 of 3rd period - Stopped by Ilya Samsonov with a rebound.
17:57 of 3rd period - Shot by Tyson Barrie.
17:57 of 3rd period - Stopped by Ilya Samsonov with a rebound.
17:59 of 3rd period - Shot by Tomas Nosek.
17:59 of 3rd period - Shot Blocked by Morgan Rielly.
18:01 of 3rd period - Shot by Tomas Nosek.
18:01 of 3rd period - Shot Misses the Net.
18:27 of 3rd period - David Pastrnak is hit by Alexandre Carrier and loses puck.
18:32 of 3rd period - Shot by Jake DeBrusk.
18:32 of 3rd period - Stopped by Ilya Samsonov without a rebound.
18:33 of 3rd period - Jeff Skinner wins face-off versus J.T. Miller in MINNESOTA Wild zone.
18:47 of 3rd period - Icing by Caleb Jones.
18:48 of 3rd period - Nick Schmaltz wins face-off versus J.T. Miller in MINNESOTA Wild zone.
18:52 of 3rd period - Icing by J.T. Miller.
18:53 of 3rd period - Nick Schmaltz wins face-off versus J.T. Miller in MINNESOTA Wild zone.
19:10 of 3rd period - Shot by J.T. Miller.
19:10 of 3rd period - Stopped by Jonathan Quick with a rebound.
19:12 of 3rd period - Shot by Tyler Toffoli.
19:12 of 3rd period - Shot Misses the Net.
19:14 of 3rd period - Shot by Tyler Toffoli.
19:14 of 3rd period - Stopped by Jonathan Quick with a rebound.
19:18 of 3rd period - Shot by J.T. Miller.
19:18 of 3rd period - Stopped by Jonathan Quick without a rebound.
19:19 of 3rd period - Jeff Skinner wins face-off versus Robert Thomas in COLORADO Avalanche zone.
Goals for this period are 0 for MINNESOTA Wild vs 0 for COLORADO Avalanche.
Shots for this period are 8 for MINNESOTA Wild vs 16 for COLORADO Avalanche. Output by the SimonT Hockey Simulator (STHS) for Martin Benoit - Original Page W3C HTML5 Valid
Hockey Simulator - Hockey Simulation - Hockey Manager